 Dungeon Crawl Stone Soup version 0.32-a0-931-g5a2cda0630 (webtiles) character file.

Game seed: 9740161932180946478

1460 Quatro the Spear-Bearer (level 8, -4/63 HPs)
             Began as a Minotaur Fighter on Apr 13, 2024.
             Was a Believer of Hepliaklqana.
             Slain by a hornet (11 damage)
             ... while paralysed by a hornet
             ... on level 7 of the Dungeon.
             The game lasted 00:22:46 (4808 turns).

Quatro the Spear-Bearer (Minotaur Fighter)          Turns: 4808, Time: 00:22:47

Health: -4/63      AC: 16    Str: 24    XL:     8   Next: 48%
Magic:  7/7        EV:  2    Int:  5    God:    Hepliaklqana [**....]
Gold:   298        SH:  0    Dex:  9    Spells: 4/7 levels left

rFire   + . .        a - +0 trident (flame)
rCold   + . .        c - +0 buckler
rNeg    . . .        f - +2 plate armour
rPois   .            (helmet restricted)
rElec   .            (no cloak)
rCorr   .            k - +0 pair of gloves
SInv    .            (no boots)
Will    .....        (no amulet) Stlth
                     s - ring of protection from cold
HPRegen 0.30/turn    m - ring of protection from fire
MPRegen 0.10/turn

%: no passive effects
@: paralysed, lethally poisoned (-4 -> -17), slowed
A: reduced essence, horns 2, retaliatory headbutt
a: Renounce Religion, Recall Ancestor, Ancestor Identity


You were on level 7 of the Dungeon.
You worshipped Hepliaklqana.
Hepliaklqana was pleased with you.
You visited 1 branch of the dungeon, and saw 7 of its levels.

You collected 298 gold pieces.

Inventory:

Hand Weapons
 a - a +0 trident of flaming (weapon)
Missiles
 t - 4 datura-tipped darts (quivered)
Armour
 c - a +0 buckler (worn)
 f - a +2 plate armour (worn)
 k - a +0 pair of gloves (worn)
Jewellery
 h - a ring of ice
 m - a ring of protection from fire (right hand)
 s - a ring of protection from cold (left hand)
Wands
 d - a wand of warping (10)
 j - a wand of digging (6)
Scrolls
 b - a scroll of brand weapon
 g - 2 scrolls of silence
 p - 2 scrolls of amnesia
 q - a scroll of vulnerability
Potions
 e - a potion of lignification
 i - 2 potions of magic
 l - a potion of might
 n - a potion of attraction {unknown}
 o - a potion of berserk rage {unknown}
 r - a potion of mutation {unknown}
 u - a potion of heal wounds {unknown}


   Skills:
 * Level 6.7 Fighting
 + Level 8.6 Polearms
 + Level 7.3 Armour
 + Level 1.0 Dodging
 + Level 5.3 Shields


You had 4 spell levels left.
You knew the following spells:

 Your Spells              Type           Power      Damage    Failure   Level
a - Inner Flame           Hex/Fire       0%         N/A       100%        3

Your spell library contained the following spells:

 Spells                   Type           Power      Damage    Failure   Level
 Flame Wave               Conj/Fire      0%         2d4       100%        4
 Sticky Flame             Fire/Alch      0%         2d4       100%        4


Dungeon Overview and Level Annotations

Branches:
Dungeon (7/15)
 Temple: D:4-7

Altars:
Cheibriados
Dithmenos
Gozag
Hepliaklqana
Kikubaaqudgha
Makhleb
Okawaru
Ru
Sif Muna
Wu Jian
Yredelemnul
Zin

Shops:
D:3 (


Innate Abilities, Weirdness & Mutations

Your life essence is reduced to manifest your ancestor. (-10% HP)
You have a pair of horns on your head.
You reflexively headbutt those who attack you in melee.


Message History

Okay, then.
You hit the hornet but do no damage.
The hornet is lightly wounded.
You feel sick. You block the hornet's attack.
The orc hits you but does no damage. You block the hornet's attack.
You miss the hornet.
The hornet is lightly wounded.
You feel sick. The hornet barely misses you.
The orc hits you but does no damage.
You barely miss the hornet.
The hornet is lightly wounded.
You feel sick. The hornet barely misses you. You block the orc's attack.
You hit the hornet. You burn the hornet. Your headbutt misses the hornet.
The hornet is moderately wounded.
You feel sick.
You are no longer poisoned.
The hornet stings you.
You are poisoned.
You feel yourself slow down.
You feel yourself speed up.
You feel very sick. The hornet barely misses you. The orc closely misses you.
The hornet barely misses you. You furiously retaliate!
You headbutt the hornet.
You feel sick. The hornet attacks as it pursues you! The hornet stings you.
You feel yourself slow down.
You puncture the orc! You burn the orc.
You kill the orc!
You feel very sick. You block the hornet's attack. The hornet stings you.
You feel as though you will be slow longer.
You feel sick. The hornet stings you!
* * * LOW HITPOINT WARNING * * *
You suddenly lose the ability to move!
You feel yourself speed up.
You feel sick. The hornet stings you!
* * * LOW HITPOINT WARNING * * *
You are lethally poisoned!
You feel yourself slow down. The hornet stings you!
You die...
Hepliaklqana delivers you to your ancestors.

#####......#
#...#......#
#...#......#
#...#......#
#...#......#
#5..#......#
#o5.'o.....#
#y###......+
#@# ...?..#
#.# ......+
#######.#
......#
#.......#
.......
#.#######
#.##### #.#
5# #.# #.#
#.# ##


You could see a hornet, an orc wizard and 2 ufetubi.

Vanquished Creatures
  Sigmund (D:4)
  A water moccasin (D:5)
  A centaur (D:6)
  2 phantoms (D:6)
  A kobold brigand (D:6)
  A howler monkey (D:5)
  3 hounds
  A bombardier beetle (D:4)
  2 jellies (D:4)
  Ijyb (D:4)
  2 orc priests
  Crazy Yiuf (D:4)
  3 iguanas
  Natasha (D:3)
  3 orc wizards (D:6)
  5 adders
  A white imp (D:6)
  2 ufetubi (D:6)
  2 dart slugs (D:4)
  A ribbon worm (D:2)
  16 orcs
  7 ball pythons
  8 endoplasms
  2 giant cockroaches
  8 hobgoblins
  5 jackals
  9 kobolds
  7 quokkas
  3 bats (D:2)
  2 frilled lizards
  8 goblins
  9 rats
119 creatures vanquished.

Vanquished Creatures (collateral kills)
  A centaur (D:5)
  A scorpion (D:6)
  A jelly (D:5)
  An orc priest (D:4)
  An orc wizard (D:7)
  An orc (D:6)
  A jackal (D:5)
7 creatures vanquished.

Vanquished Creatures (others)
  An ancestor (D:7)
1 creature vanquished.

Grand Total: 127 creatures vanquished

Notes
Turn   | Place    | Note
-------+----------+-------------------------------------------
     0 | D:1      | Quatro the Minotaur Fighter began the quest for the Orb.
     0 | D:1      | Reached XP level 1. HP: 19/19 MP: 0/0
   225 | D:1      | Reached XP level 2. HP: 24/27 MP: 1/1
   389 | D:1      | Found a faded altar of an unknown god.
   643 | D:2      | Reached XP level 3. HP: 23/33 MP: 2/2
   918 | D:2      | Reached skill level 3 in Polearms
  1459 | D:2      | Identified the +0 robe of Henotheism {rElec rCorr Str+3
                  | SInv}
  1881 | D:3      | Reached XP level 4. HP: 40/40 MP: 3/3
  1907 | D:3      | Found an ornate altar of the Wu Jian Council.
  1911 | D:3      | Found an iron altar of Okawaru.
  1911 | D:3      | Found a basalt altar of Yredelemnul.
  1911 | D:3      | Found a hazy altar of Hepliaklqana.
  1911 | D:3      | Found a snail-covered altar of Cheibriados.
  1911 | D:3      | Found a shimmering blue altar of Sif Muna.
  1927 | D:3      | Became a worshipper of Hepliaklqana the Forgotten
  1931 | D:3      | Found a burning altar of Makhleb.
  1968 | D:3      | Found Qoiso Foclaq's Weapon Shop.
  1993 | D:3      | Noticed Natasha
  2004 | D:3      | Killed Natasha
  2280 | D:4      | Learned a level 3 spell: Inner Flame
  2314 | D:4      | Found a sacrificial altar of Ru.
  2319 | D:4      | Noticed Ijyb
  2319 | D:4      | Noticed Sigmund
  2326 | D:4      | Killed Ijyb
  2327 | D:4      | Reached skill level 5 in Armour
  2327 | D:4      | Reached XP level 5. HP: 43/47 MP: 4/4
  2346 | D:4      | Killed Sigmund
  2347 | D:4      | Reached skill level 4 in Polearms
  2347 | D:4      | Reached XP level 6. HP: 53/53 MP: 5/5
  2496 | D:4      | Reached skill level 5 in Polearms
  2522 | D:4      | Found a shadowy altar of Dithmenos.
  2522 | D:4      | Found an opulent altar of Gozag.
  2570 | D:4      | Reached * piety under Hepliaklqana
  2732 | D:4      | Found a glowing silver altar of Zin.
  2789 | D:4      | Reached skill level 5 in Fighting
  2911 | D:4      | Found a runed translucent door.
  2912 | D:4      | Noticed Crazy Yiuf
  2918 | D:4      | Killed Crazy Yiuf
  2919 | D:4      | Reached skill level 6 in Polearms
  2919 | D:4      | Reached XP level 7. HP: 54/54 MP: 6/6
  3039 | D:5      | Entered Level 5 of the Dungeon
  3216 | D:5      | Reached skill level 7 in Polearms
  3246 | D:5      | Reached skill level 1 in Dodging
  3362 | D:6      | Reached skill level 5 in Shields
  3591 | D:6      | Reached XP level 8. HP: 52/63 MP: 7/7
  4026 | D:6      | Reached skill level 8 in Polearms
  4470 | D:6      | Found an ancient bone altar of Kikubaaqudgha.
  4566 | D:6      | Identified the +7 rapier of Rasegoluts {flame, rF+ SInv}
  4717 | D:7      | Reached ** piety under Hepliaklqana
  4792 | D:7      | Noticed a hornet
  4799 | D:7      | Remembered your ancestor Fruck as a hexer
  4807 | D:7      | Paralysed by a hornet for 2 turns
  4808 | D:7      | Slain by a hornet

Illustrated notes

Levels and vault maps discovered:
D:1:      psy_arrival_fountain, layout_basic,
          shapermc_ecumenical_altar_notcrosses, grunt_decor_one_mirror
D:2:      layout_loops_corners, kennysheep_generic_room_10
D:3:      layout_basic, nicolae_overflow_hallway_of_the_gods, serial_shops,
          shop, chequers_mini_garden, uniq_natasha
D:4:      layout_basic, mainiacjoe_overflow_concentric_impassable, zin_statuary,
          gammafunk_temple_overflow_elements, uniq_ijyb, uniq_sigmund,
          uniq_crazy_yiuf_cottage
D:5:      layout_rooms
D:6:      layout_basic, kiku_gazebo_pond_becter
D:7:      layout_basic, grunt_qazlal_sundering, minmay_temple_entry_statues,
          serial_shops, nicolae_shop_competitors_out_of_business

Skill      XL: |  1  2  3  4  5  6  7  8 |
---------------+-------------------------+-----
Shields        | 4 5 |  5.3
Armour         | 4 5 6 7 |  7.3
Polearms       | 3 4 6 7 8 |  8.6
Fighting       | 4 5 6 |  6.7
Dodging        | 1 |  1.0

Action                     |  1- 3 |  4- 6 |  7- 9 || total
---------------------------+-------+-------+-------++-------
  Melee: Trident           |    94 |    83 |   128 ||   305
         Headbutt          |    11 |    16 |    15 ||    42
 Invoke: Ancestor Identity |       |     1 |       ||     1
         Ancestor Life: He |       |       |     1 ||     1
    Use: Scroll            |     6 |     7 |       ||    13
         Potion            |       |     1 |     1 ||     2
 Armour: Scale mail        |    32 |       |       ||    32
         Plate armour      |    51 |    53 |   103 ||   207
  Dodge: Dodged            |    40 |     9 |    45 ||    94
  Block: Buckler           |    23 |    16 |    32 ||    71

Table legend: (Time is in decaauts)
 A = Elapsed time spent in this place.
 B = Non-inter-level travel time spent in this place.
 C = Inter-level travel time spent in this place.
 D = Time resting spent in this place.
 E = Time spent auto-exploring this place.
 F = Levels seen in this place.
 G = Mean time per level.
                   A        B        C        D        E       F      G
               +--------+--------+--------+--------+--------+-----+--------+
         Total |   4833 |   4625 |    208 |   1209 |   1536 |   7 |  690.4 |
       Dungeon |   4833 |   4625 |    208 |   1209 |   1536 |   7 |  690.4 |
               +--------+--------+--------+--------+--------+-----+--------+

Top non-repeatable levels by time:
     D:6: 1364 daAuts
     D:2: 1251 daAuts
     D:4: 795 daAuts
     D:1: 536 daAuts
     D:3: 490 daAuts
     D:5: 304 daAuts
     D:7: 89 daAuts
